Map: Blueshift LE

Players

Sketchaphone - Winner!

  • Race: Zerg Zerg
  • League: Gold
  • Spawn Location: 7:00

serchien

  • Race: Terran Terran
  • League: Gold
  • Spawn Location: 1:00

VOD

Have the link to the VOD?

Description

Time

  • Played on: Jan. 21, 2019, 5:05 p.m.
  • Length: 14:24
Show
View Real Time Build Order
Export as new Build Order

Sketchaphone Zerg - Winner!

Build Orders: Hatch First 

Get SALT Encoding   

  12  0:02  Drone  
  13  0:12  Overlord  
  13  0:17  Drone  
  14  0:26  Drone, Extractor  
  15  0:32  Drone  
  16  0:37  Drone  
  17  0:54  Hatchery  
  16  1:00  Drone  
  16  1:01  Drone  
  16  1:02  Extractor  
  17  1:20  Spawning Pool  
  16  1:28  Drone  
  16  1:29  Drone  
  16  1:31  Drone  
  19  1:39  Overlord  
  19  1:51  Overlord  
  19  2:01  Drone  
  20  2:06  Metabolic Boost  
  20  2:13  Queen  
  21  2:17  Queen  
  21  2:20  Drone  
  24  2:29  Zergling x2  
  25  2:30  Drone  
  26  2:37  Drone x3  
  26  2:40  Drone  
  30  3:04  Drone  
  30  3:05  Drone x3  
  34  3:16  Overlord  
  34  3:17  Drone x2  
  36  3:22  Drone  
  37  3:33  Hatchery  
  36  3:39  Drone  
  36  3:50  Roach Warren, Drone x2  
  36  3:51  Overlord  
  36  3:52  Drone  
  38  3:58  Queen  
  41  4:02  Drone  
  41  4:03  Drone x2  
  43  4:10  Zergling x2  
  43  4:13  Zergling x2  
  43  4:15  Overlord  
  45  4:21  Lair  
  45  4:23  Evolution Chamber x2  
  43  4:44  Roach x4  
  43  4:45  Roach, Zergling x4  
  55  4:46  Overlord  
  55  4:51  Drone x3, Extractor  
  57  4:59  Drone  
  58  5:07  Zergling x6  
  61  5:16  Overlord  
  61  5:22  Glial Reconstitution  
  61  5:26  Zergling x6  
  64  5:44  Ravager  
  64  5:45  Ravager, Zergling x16  
  64  5:49  Extractor  
  73  5:50  Drone, Extractor  
  73  5:51  Queen  
  63  6:19  Spore Crawler  
  63  6:23  Spore Crawler  
  63  6:24  Spore Crawler  
  63  6:25  Spore Crawler  
  57  6:26  Spore Crawler  
  56  6:38  Drone x3  
  57  6:43  Ravager  
  57  6:45  Ravager  
  59  6:50  Hatchery  
  56  6:59  Spore Crawler  
  55  7:03  Spore Crawler  
  48  7:26  Hydralisk Den  
  48  7:29  Drone  
  44  7:30  Drone x2  
  44  7:33  Drone x2  
  46  7:42  Drone  
  46  7:43  Drone x2  
  47  7:48  Drone  
  47  7:49  Drone x6  
  54  7:52  Spore Crawler  
  54  7:55  Hatchery  
  49  8:04  Spore Crawler  
  46  8:06  Drone x4  
  49  8:24  Queen x3, Spore Crawler  
  49  8:25  Overlord  
  49  8:26  Drone  
  56  8:40  Spore Crawler  
  55  8:41  Drone  
  55  8:42  Drone x2, Hydralisk x3  
  55  8:45  Hatchery  
  60  9:04  Spore Crawler  
  60  9:07  Hydralisk x3  
  60  9:08  Hydralisk x2  
  69  9:20  Queen x2  
  69  9:22  Drone  
  69  9:23  Drone  
  75  9:27  Drone x3  
  78  9:41  Drone x2  
  78  9:44  Zergling x4  
  81  9:54  Zerg Missile Weapons Level 1  
  81  9:56  Spire, Zerg Ground Armor Level 1  
  81  9:57  Drone  
  81  9:58  Overlord, Drone  
  82  10:00  Drone x2  
  85  10:07  Drone x2  
  86  10:15  Drone  
  86  10:16  Spore Crawler, Drone x3  
  86  10:17  Drone x2  
  90  10:23  Hydralisk x3  
  96  10:37  Grooved Spines  
  96  10:43  Zergling x14  
  96  10:45  Overlord x2  
  97  11:08  Spire  
  95  11:12  Corruptor x2  
  95  11:25  Hydralisk  
  93  11:29  Drone x3  
  93  11:30  Overlord, Drone, Extractor  
  93  11:31  Overlord, Drone x3  
  93  11:32  Drone x3  
  104  11:35  Extractor  
  104  11:36  Extractor  
  104  11:37  Extractor  
  101  11:40  Extractor  
  100  11:49  Hatchery  
  100  11:54  Overlord  
  99  12:03  Drone x2, Hydralisk x2  
  99  12:06  Hydralisk  
  99  12:07  Hydralisk x3  
  113  12:17  Overseer  
  113  12:21  Drone x2  
  113  12:22  Overlord  
  115  12:23  Zergling x24  
  127  12:39  Muscular Augments  
  120  12:52  Corruptor  
  120  12:53  Corruptor x3  
  120  12:54  Zergling x18  
  137  13:05  Drone  
  138  13:08  Drone x2  
  138  13:12  Drone  
  138  13:26  Drone x4  
  124  13:43  Corruptor x9  
  138  13:52  Hydralisk  
  138  13:53  Hydralisk x3  
  138  13:54  Zergling x2  
  138  13:55  Zergling x8  
Show
View Real Time Build Order
Export as new Build Order

serchien Terran 

Build Orders: Reaper Expand 

Get SALT Encoding   

  12  0:01  SCV  
  13  0:13  SCV  
  14  0:17  Supply Depot  
  14  0:25  SCV  
  15  0:37  Refinery  
  15  0:38  SCV  
  16  0:45  Barracks  
  16  0:51  SCV  
  17  0:58  Refinery  
  17  1:03  SCV  
  18  1:15  SCV  
  19  1:32  Reaper  
  20  1:33  Supply Depot  
  20  1:34  Orbital Command  
  20  2:11  Command Center  
  20  2:16  Marine  
  21  2:22  Factory  
  21  2:26  SCV  
  22  2:35  Marine  
  23  3:09  Marine  
  24  3:13  Starport  
  24  3:14  Factory Tech Lab  
  24  3:22  Barracks  
  24  3:24  SCV x2  
  26  3:27  Marine  
  27  3:36  SCV x2  
  29  3:45  Marine  
  29  3:48  SCV x2  
  32  3:52  Weapon Refit  
  32  3:57  Fusion Core  
  32  4:00  SCV  
  33  4:08  Refinery  
  33  4:11  Marine  
  33  4:12  SCV  
  33  4:13  Marine  
  33  4:16  Barracks  
  36  4:19  Factory Tech Lab  
  36  4:22  SCV  
  37  4:24  SCV  
  37  4:31  Marine  
  38  4:34  SCV  
  38  4:36  SCV  
  41  4:47  Battlecruiser  
  41  4:48  SCV  
  41  4:49  Supply Depot  
  48  4:56  Orbital Command  
  48  5:02  Marine  
  48  5:03  Marine  
  48  5:05  Marine  
  51  5:14  Supply Depot  
  51  5:23  Barracks Tech Lab  
  51  5:25  Marine x2  
  53  5:31  Engineering Bay  
  53  5:40  SCV  
  53  5:47  Marine x3  
  56  5:52  SCV  
  56  5:56  Starport  
  57  5:57  Engineering Bay  
  57  6:07  Battlecruiser  
  63  6:21  SCV  
  56  6:33  SCV  
  56  6:37  Starport Tech Lab  
  40  6:44  Marine  
  40  6:45  Marine x2, SCV  
  35  7:02  Marine  
  35  7:03  Marine x2  
  27  7:20  Marine  
  27  7:21  Marine x2  
  25  7:38  Marine x3  
  27  7:47  Supply Depot  
  27  8:19  Battlecruiser  
  32  9:50  Command Center  
  32  9:52  Battlecruiser  
  38  9:56  Orbital Command  
  38  10:51  Marine  
  38  10:52  Marine x2  
  38  10:55  Stimpack  
  41  10:58  SCV  
  41  11:09  Marine  
  42  11:26  SCV  
  42  11:31  Marine x3  
  46  11:35  SCV  
  46  11:38  SCV  
  48  11:48  Marine  
  48  11:50  SCV  
  50  11:59  Battlecruiser  
  56  12:05  SCV  
  56  12:06  SCV  
  58  12:11  Marine  
  58  12:12  Marine  
  60  12:27  SCV  
  55  12:59  SCV  
  55  13:01  SCV  
  57  13:11  SCV  
  58  13:13  SCV  
  59  13:23  SCV  
  59  13:25  SCV  
Tags
 
League
GoldGold
Matchup
TvZ
Replay Pack
init
Spawn Locations
Cross Positions
Add a new tag
Caveats
  • Supply blocks, unpowered buildings, or Contaminate may cause inaccurate times.
  • Supply counts are checked every 10 seconds.